 Dungeon Crawl Stone Soup version 0.21-a0-349-g0c35859 (webtiles) character file.

12138 Rottenbandages the Martial Artist (level 11, -4/84 HPs)
             Began as a Mummy Monk on Feb 14, 2016.
             Slain by a white ugly thing (5 damage)
             ... on level 11 of the Dungeon on Oct 7, 2017.
             The game lasted 00:46:48 (26379 turns).

Rottenbandages the Martial Artist (Mummy Monk)     Turns: 26379, Time: 00:46:49

Health: -4/84      AC:  9    Str: 16    XL:     11   Next: 58%
Magic:  11/11      EV: 21    Int:  9    God:
Gold:   64         SH: 12    Dex: 22    Spells: 10/10 levels left

rFire    x . .     SeeInvis .     - Unarmed
rCold    + . .     Gourm    .   t - +0 shield
rNeg     + + +     Faith    .   (no armour)
rPois    ∞         Spirit   .   g - +0 helmet
rElec    .         Reflect  .   j - +2 cloak
rCorr    .         Harm     .   n - +1 pair of gloves
MR       +....                  c - +2 pair of boots
Stlth    ++++......             (no amulet)
HPRegen  0.24/turn              o - +6 ring of evasion
MPRegen  0.12/turn              x - +5 ring of dexterity

@: no status effects
A: no food or potions, fire vulnerability, cold resistance 1, negative energy
resistance 3, torment resistance, unbreathing
a: no special abilities


You were on level 11 of the Dungeon.
You were not hungry.

You visited 3 branches of the dungeon, and saw 13 of its levels.

You collected 676 gold pieces.
You spent 612 gold pieces at shops.


Innate Abilities, Weirdness & Mutations

You do not eat or drink.
Your flesh is vulnerable to fire.
You are immune to poison.
Your flesh is cold resistant. (rC+)
You are immune to negative energy. (rN+++)
You are immune to unholy pain and torment.
You can survive without breathing.


   Skills:
 + Level 7.3 Fighting
 - Level 5.4 Dodging
 - Level 6.0 Stealth
 - Level 8.7 Shields
 - Level 10.0 Unarmed Combat


You had 10 spell levels left.
You didn't know any spells.

Inventory:

Hand Weapons
 r - a +2 whip of flaming {!w}
 v - a +0 dagger {!w}
Missiles
 d - 2 large rocks
Armour
 c - a +2 pair of boots (worn)
 g - a +0 helmet (worn)
 j - a +2 cloak (worn)
 n - a +1 pair of gloves (worn)
 q - a scarf of cloud immunity
 t - a +0 shield (worn)
 u - the +0 robe "Ruaschica" {rPois MP+9, !W, unknown}

   It protects you from poison.
   It affects your magic capacity (+9).
Jewellery
 f - an uncursed ring of protection from magic
 h - a +4 ring of intelligence
 o - a +6 ring of evasion (left hand)
 x - a +5 ring of dexterity (right hand)
 y - an uncursed ring of resist corrosion
 A - a +4 amulet of reflection {unknown}
 B - an uncursed ring of protection from fire
 D - an uncursed ring of stealth
Scrolls
 a - 4 scrolls of remove curse
 b - 2 scrolls of enchant weapon
 e - 3 scrolls of teleportation {@r4}
 l - a scroll of recharging
 m - a scroll of noise {!r}
 p - 2 scrolls of immolation {!r}
 s - 2 scrolls of amnesia {unknown}
 w - 5 scrolls of blinking
 z - a scroll of silence {unknown}
 C - a scroll of identify {@r1}
Comestibles
 i - 19 fruits (quivered)
 k - 11 royal jellies

Dungeon Overview and Level Annotations

Branches:
Dungeon (11/15)            Temple (1/1) D:6            Lair (0/8) D:11
    Orc (1/2) D:11

Altars:
Ashenzari
Cheibriados
Dithmenos
Elyvilon
Fedhas
Gozag
Kikubaaqudgha
Makhleb
Nemelex Xobeh
Okawaru
Qazlal
Ru
Sif Muna
Trog
Vehumet
Xom
Yredelemnul
Zin
The Shining One

Shops:
D:6 [   D:10 :*=   D:11 [[

Annotations:
D:8 Tr 2OG
D:9 The best vault, exclusions: hydra and 4 more exclusions, Erica
D:10 exclusion: downstairs
D:11 UGLY
Temple Parking Lot

▒▒▒▒▒ ▒▒▒▒▒▒▒....
▒▒▒.........▒ ▒▒▒▒▒
▒.....▒▒▒.▒.▒ ▒...
▒▒.▒▒▒.▒▒▒.▒.▒▒▒.▒▒▒▒▒▒
...▒▒▒..▒▒.............
▒▒..▒▒..▒▒...▒▒..▒▒.▒▒
▒.∩....▒▒...▒▒.M▒▒.▒
▒▒▒.▒▒.▒▒...▒▒u.▒▒.▒
▒.▒..........▒▒▒.▒ ▒
▒........▒▒▒.▒ ▒.▒
▒▒▒▒▒▒..▒▒▒.▒▒▒.▒▒▒.▒
.▒▒..............▒▒.▒▒▒▒▒.▒
▒.▒.▒▒..▒▒▒.▒▒▒..▒........▒
▒▒.∩▒▒..............▒▒▒▒▒▒▒
........▒▒▒.▒▒▒.........▒


You could see a white ugly thing.


Message History

The white ugly thing is moderately wounded!
You pummel the white ugly thing like a punching bag!
The white ugly thing is heavily wounded!
The white ugly thing claws you!!! The white ugly thing freezes you!!!
You resist!
You take 23 damage, and have 48/84 hp!
MASSIVE DAMAGE!!!!!!
You pulverise the white ugly thing!
The white ugly thing is heavily wounded!
You block the white ugly thing's attack!
You squash the white ugly thing like an ant!!!
The white ugly thing is severely wounded!
The white ugly thing claws you!!! * * * don't die
* * * The white ugly thing freezes you!!!
You resist! * * * don't die
* * * You take 27 damage, and have 22/84 hp!
MASSIVE DAMAGE!!!!!!
You squash the white ugly thing but do no damage!
The white ugly thing is severely wounded!
The white ugly thing completely misses you!
You beat the white ugly thing into a bloody pulp!
The white ugly thing is severely wounded!
The white ugly thing claws you!!! * * * don't die
* * * The white ugly thing freezes you!!!
You resist! * * * don't die
* * * You take 21 damage, and have 1/84 hp!
MASSIVE DAMAGE!!!!!!
You squash the white ugly thing but do no damage!
The white ugly thing is severely wounded!
The white ugly thing claws you! rip

Action                   |  1- 3 |  4- 6 |  7- 9 | 10-12 || total
-------------------------+-------+-------+-------+-------++-------
Melee: Unarmed           |   139 |   335 |   644 |   557 ||  1675
       Punch             |       |    11 |    14 |       ||    25
  Use: Scroll            |       |       |     5 |     8 ||    13
 Stab: Sleeping          |     6 |     5 |     4 |     5 ||    20
       Sleeping          |     1 |       |       |       ||     1
       Distracted        |     1 |       |     3 |       ||     4
Armor: Skin              |    10 |    72 |   113 |    62 ||   257
Dodge: Dodged            |    92 |   210 |   297 |   252 ||   851
Block: Shield            |       |       |    92 |   238 ||   330

Vault maps used:
D:1:      mrwooster_arrival_statue_3, roderic_lattice_a,
          nemelex_diamond_rough_becter
D:3:      nicolae_dithmenos_shadow_blocks, uniq_robin
D:4:      uniq_menkaure, uniq_duvessa
D:5:      cheibrodos_thug_alley, first_bread, trog_eyes_of_draining
D:6:      okawaru_metal_pillars_3, minmay_temple_entry_nine_rooms, serial_shops,
          nicolae_shop_waterfront
D:7:      lemuel_doored_altar, uniq_pikel
D:8:      grunt_temple_overflow_order_and_chaos_2
D:9:      hangedman_ranch, uniq_erica
D:10:     serial_shops, kennysheep_little_box, shop, kennysheep_mini,
          uniq_maurice
D:11:     minmay_glassy_protrusions, dpeg_oklobed_lair, orc_0_dummy,
          serial_shops, shop, shop, shop
Temple:   nicolae_temple_elliptical
Orc:1:    serial_shops, nicolae_shop_stone

Notes
Turn   | Place    | Note
-------+----------+-------------------------------------------
     0 | D:1      | Rottenbandages the Mummy Monk began the quest for the Orb.
     0 | D:1      | Reached XP level 1. HP: 18/18 MP: 1/1
    86 | D:1      | Upgraded the game from 0.18-a0-1312-gf98331d to 0.21-a0-349-g0c35859
   528 | D:1      | Reached XP level 2. HP: 8/24 MP: 2/2
  1356 | D:1      | Found a sparkling altar of Nemelex Xobeh.
  2033 | D:2      | Reached skill level 4 in Unarmed Combat
  2152 | D:2      | Reached XP level 3. HP: 15/29 MP: 3/3
  2504 | D:3      | Found a shadowy altar of Dithmenos.
  2557 | D:3      | Noticed Robin
  2736 | D:2      | Reached XP level 4. HP: 35/35 MP: 4/4
  3359 | D:2      | Reached skill level 5 in Unarmed Combat
  3627 | D:1      | Killed Robin
  3832 | D:3      | Noticed a bullfrog
  4270 | D:4      | Noticed Duvessa
  4270 | D:4      | Noticed Dowan
  4815 | D:3      | Reached XP level 5. HP: 36/41 MP: 5/5
  5293 | D:2      | Reached skill level 4 in Fighting
  5756 | D:3      | Reached XP level 6. HP: 41/49 MP: 6/6
  5990 | D:4      | Reached skill level 5 in Fighting
  6216 | D:5      | Entered Level 5 of the Dungeon
  6384 | D:5      | Noticed vishdafish's ghost (amateur DsFi)
  6890 | D:6      | Reached skill level 3 in Dodging
  7880 | D:4      | Noticed Menkaure
  8400 | D:3      | Reached XP level 7. HP: 52/56 MP: 7/7
  8757 | D:5      | Reached skill level 6 in Unarmed Combat
  9285 | D:6      | Noticed a hungry ghost
  9315 | D:6      | Killed a hungry ghost
  9404 | D:6      | Found a staircase to the Ecumenical Temple.
  9437 | Temple   | Entered the Ecumenical Temple
  9849 | Temple   | HP: 4/56 [crocodile (14)]
 10230 | D:6      | Found an iron altar of Okawaru.
 10246 | D:6      | Reached skill level 7 in Unarmed Combat
 10351 | D:6      | Reached XP level 8. HP: 62/62 MP: 8/8
 10378 | D:6      | Found Ucucreifu's Antique Armour Shop.
 10896 | D:7      | Reached skill level 6 in Fighting
 11490 | D:7      | Noticed Pikel
 11568 | D:7      | Reached skill level 7 in Fighting
 12094 | D:7      | Found a blossoming altar of Fedhas.
 12371 | D:7      | Killed Pikel
 12371 | D:7      | Reached skill level 8 in Unarmed Combat
 12912 | D:4      | Killed Menkaure
 12912 | D:4      | Reached XP level 9. HP: 56/72 MP: 9/9
 13252 | D:5      | Killed Duvessa
 13252 | D:5      | Reached skill level 9 in Unarmed Combat
 13423 | D:5      | Got an opalescent robe
 14163 | D:5      | Killed Dowan
 14844 | D:5      | HP: 6/72 [vishdafish's ghost (9)]
 15351 | D:5      | Found a bloodstained altar of Trog.
 15378 | D:5      | Reached skill level 1 in Shields
 15403 | D:5      | Reached skill level 2 in Shields
 15413 | D:5      | thanks poppa trog
 16112 | D:7      | Reached skill level 3 in Shields
 16697 | D:8      | Reached skill level 4 in Shields
 17582 | D:7      | Reached skill level 5 in Shields
 17857 | D:8      | Reached skill level 4 in Dodging
 18001 | D:8      | Found a burning altar of Makhleb.
 18001 | D:8      | Noticed an Executioner
 18005 | D:8      | Found a glowing silver altar of Zin.
 18005 | D:8      | Noticed an angel
 18686 | D:8      | Reached XP level 10. HP: 60/79 MP: 10/10
 18969 | D:8      | Found a burning altar of Makhleb.
 18974 | D:8      | Found a glowing silver altar of Zin.
 19266 | D:8      | Reached skill level 5 in Dodging
 19613 | D:9      | Noticed Erica
 20229 | D:9      | Reached skill level 6 in Shields
 20561 | D:9      | Noticed a two-headed hydra
 20716 | D:10     | Entered Level 10 of the Dungeon
 20731 | D:10     | Reached skill level 7 in Shields
 20883 | D:10     | Found Xalyegoved's Jewellery Boutique.
 20888 | D:10     | Bought an uncursed ring of protection from fire for 325 gold pieces
 21093 | D:7      | Found a blossoming altar of Fedhas.
 21587 | D:5      | Killed vishdafish's ghost
 22014 | D:10     | Noticed a two-headed ogre
 22242 | D:10     | Noticed a two-headed ogre
 22651 | D:9      | Reached skill level 8 in Shields
 23796 | D:10     | Found Ytzepsev's Book Shoppe.
 23806 | D:10     | Noticed Maurice
 23844 | D:10     | Killed Maurice
 23867 | D:10     | eh
 23885 | D:10     | Found Ykhaderr's Assorted Antiques.
 23888 | D:10     | Bought a scroll of blinking for 172 gold pieces
 24076 | D:10     | Killed a two-headed ogre
 24076 | D:10     | Reached XP level 11. HP: 69/84 MP: 11/11
 24393 | D:10     | Reached skill level 10 in Unarmed Combat
 24428 | D:11     | Reached skill level 2 in Stealth
 24455 | D:11     | Found Lycizeke's Antique Armour Emporium.
 24630 | D:11     | Reached skill level 3 in Stealth
 24658 | D:11     | Found the +8 Wrath of Trog {antimagic, *Rage}
 24659 | D:11     | Found Vitaoc's Antique Armour Boutique.
 24674 | D:11     | Noticed a white ugly thing
 24713 | D:11     | Found a staircase to the Orcish Mines.
 24730 | D:11     | fuck fuck fuck
 24771 | Orc:1    | Entered Level 1 of the Orcish Mines
 24771 | Orc:1    | Noticed a two-headed ogre
 25177 | Orc:1    | Noticed a two-headed ogre
 25177 | Orc:1    | Noticed a two-headed ogre
 25178 | Orc:1    | Noticed an ogre mage
 25191 | D:11     | Killed an unseen horror
 25191 | D:11     | Reached skill level 4 in Stealth
 25378 | D:11     | Reached skill level 5 in Stealth
 25442 | D:11     | Found a staircase to the Lair.
 25487 | D:11     | Noticed an oklob plant
 25709 | D:11     | Killed an oklob plant
 25709 | D:11     | Reached skill level 6 in Stealth
 26282 | D:10     | Bought a blackened sapphire ring for 115 gold pieces
 26287 | D:10     | FUCK
 26378 | D:11     | HP: 1/84 [white ugly thing (13)]
 26379 | D:11     | Slain by a white ugly thing

Vanquished Creatures
  A two-headed ogre (D:10)
  An unseen horror (D:11)
  An oklob plant (D:11)
  Pikel (D:7)
  A cyclops (D:11)
  Maurice (D:10)
  A centaur zombie (D:11)
  A gargoyle (D:11)
  2 hornets
  A troll (D:9)
  The ghost of vishdafish the Skirmisher, an amateur DsFi (D:5)
  2 dream sheep (D:9)
  6 hippogriffs
  11 yaks
  A hungry ghost (D:6)
  A basilisk (D:9)
  Menkaure (D:4)
  An acid dragon (D:11)
  Duvessa (D:5)
  4 ice beasts
  An orc warrior (D:7)
  4 slaves (D:7)
  3 sky beasts
  A phantom (D:8)
  A necrophage (D:8)
  3 ogres
  3 eyes of draining (D:5)
  2 centaurs
  2 crocodiles
  5 big kobolds
  5 bullfrogs
  Dowan (D:5)
  A gnoll sergeant (D:7)
  2 crimson imps
  8 hounds
  2 jellies (D:9)
  3 bullfrog zombies
  6 orc priests
  2 centaur skeletons
  2 bullfrog skeletons
  3 iguanas
  11 worker ants
  6 orc wizards
  2 hound skeletons
  Robin (D:1)
  A howler monkey zombie (D:6)
  A worker ant zombie (D:5)
  4 gnolls
  12 adders
  A howler monkey skeleton (D:4)
  4 shadow imps
  An adder zombie (D:5)
  2 adder skeletons
  3 dart slugs
  A worm (D:3)
  2 leopard geckos
  26 orcs
  4 bats
  2 giant cockroaches
  19 goblins
  7 hobgoblins
  9 jackals
  25 kobolds
  3 quokkas
  7 frilled lizards
  A quokka skeleton (D:5)
  2 quokka zombies
  10 rats
267 creatures vanquished.
